 Dungeon Crawl Stone Soup version 0.29-a0-993-g4a18f31a58 (webtiles) character file.

Game seed: 3256116923802110485

22 vurker the Trooper (level 2, -2/20 HPs)
             Began as a Gargoyle Monk on Aug 2, 2022.
             Slain by a kobold
             ... wielding a +0 whip
              (4 damage)
             ... on level 1 of the Dungeon.
             The game lasted 00:00:30 (491 turns).

vurker the Trooper (Gargoyle Monk)                   Turns: 491, Time: 00:00:31

Health: -2/20      AC:  4    Str: 14    XL:     2   Next: 91%
Magic:  2/2        EV: 12    Int: 10    God:
Gold:   14         SH:  0    Dex: 12    Spells: 1/1 levels left

rFire   . . .      SeeInvis .   a - +0 hand axe
rCold   . . .      Faith    .   (no shield)
rNeg    + . .      Spirit   .   b - +0 robe
rPois   ∞          Reflect  .   (no helmet)
rElec   +          Harm     .   (no cloak)
rCorr   .          Rampage  .   (no gloves)
Will    .....                   (no boots)
Stlth   ++........              (no amulet)
HPRegen 0.06/turn               (no ring)
MPRegen 0.08/turn               (no ring)

@: no status effects
A: sickness immunity, AC +2, negative energy resistance 1, electricity
resistance, torment resistance 1, petrification resistance
a: no special abilities


You were on level 1 of the Dungeon.
You visited 1 branch of the dungeon, and saw 1 of its levels.

You collected 14 gold pieces.

Inventory:

Hand Weapons
 a - a +0 hand axe (weapon)
Armour
 b - a +0 robe (worn)
Scrolls
 d - 2 scrolls of blinking {unknown}
Potions
 c - a potion of ambrosia
 e - a potion of magic {unknown}


   Skills:
 + Level 3.6 Fighting
 * Level 3.3 Axes
 - Level 2.4 Dodging
 - Level 2.1 Stealth


You had one spell level left.
You didn't know any spells.
Your spell library was empty.

Dungeon Overview and Level Annotations

Branches:
Dungeon (1/15)

Altars:

Shops:
D:1 (


Innate Abilities, Weirdness & Mutations

You are immune to sickness and miasma.
Your stone body is resilient. (AC +2)
You are immune to poison.
You resist negative energy. (rN+)
You are resistant to electric shocks. (rElec)
You are resistant to unholy torment.
You are immune to petrification.


Message History

A goblin comes into view.
It is wielding a +1 dagger of protection.
The goblin shouts!
A dart slug comes into view.
The frilled lizard hisses angrily.
A kobold comes into view. It is wielding a +0 dagger.
You closely miss the frilled lizard. The frilled lizard bites you. x2
A rat comes into view.
The kobold shouts!
You hit the goblin.
You kill the goblin!
You hit the frilled lizard but do no damage.
You hear a shout!
The frilled lizard misses you.
You miss the frilled lizard. The frilled lizard bites you.
You closely miss the frilled lizard. You barely miss the rat.
The frilled lizard barely misses you. The rat barely misses you.
A kobold comes into view. It is wielding a +0 whip.
You hit the frilled lizard.
You kill the frilled lizard!
You hit the rat.
You kill the rat!
You hit the kobold.
You kill the kobold!
You hit the dart slug but do no damage. The dart slug barely misses you.
The kobold throws a stone.
The stone hits you.
You completely miss the dart slug. The dart slug closely misses you.
You hit the dart slug but do no damage.
The kobold throws a stone.
The stone hits you but does no damage. The dart slug launches a dart at you.
The slug dart hits you but does no damage.
You hit the dart slug. The dart slug launches a dart at you.
The slug dart hits you.
You hit the dart slug. You hit the kobold but do no damage.
The kobold hits you with a +0 whip.
* * * LOW HITPOINT WARNING * * *
The dart slug closely misses you.
You hit the kobold. You hit the dart slug.
The kobold hits you but does no damage.
You closely miss the kobold. You hit the dart slug.
The kobold completely misses you. The dart slug misses you.
The kobold hits you with a +0 whip.
* * * LOW HITPOINT WARNING * * *
You hit the dart slug.
You kill the dart slug!
You closely miss the kobold. The kobold hits you with a +0 whip.
* * * LOW HITPOINT WARNING * * *
You closely miss the kobold. The kobold barely misses you.
You barely miss the kobold. The kobold hits you with a +0 whip.
You die...

##################
# #........#
#########.######.#
).†.......# #.#
########### #.# #
#.# # #.# # #.## #
#@†# # #K).#
#....# ## ...#.#
8# #(##.# .# ##. #
.. # .. .#


You could see a kobold.

Vanquished Creatures
  3 dart slugs (D:1)
  3 giant cockroaches (D:1)
  2 goblins (D:1)
  A hobgoblin (D:1)
  A kobold (D:1)
  2 bats (D:1)
  A frilled lizard (D:1)
  2 rats (D:1)
15 creatures vanquished.

Notes
Turn   | Place    | Note
-------+----------+-------------------------------------------
     0 | D:1      | vurker the Gargoyle Monk began the quest for the Orb.
     0 | D:1      | Reached XP level 1. HP: 14/14 MP: 1/1
    17 | D:1      | Found Koun Ufo's Weapon Shoppe.
   111 | D:1      | Reached XP level 2. HP: 15/19 MP: 2/2
   491 | D:1      | Slain by a kobold

Illustrated notes

Levels and vault maps discovered:
D:1:      wander_arrival_abandoned_jail, layout_loops_ring, serial_shops,
          nicolae_shop_bloodbath_and_beyond,
          shapermc_ecumenical_altar_hornbeckon, minmay_tall_x

Skill      XL: |  1 |
---------------+----+-----
Axes           | 3 |  3.3
Fighting       | |  3.6
Dodging        | |  2.4
Stealth        | |  2.1

Action                   || total
-------------------------++-------
Melee: Hand axe          ||    61
       Punch             ||     1
Armor: Robe              ||    12
Dodge: Dodged            ||    45

Table legend: (Time is in decaauts)
 A = Elapsed time spent in this place.
 B = Non-inter-level travel time spent in this place.
 C = Inter-level travel time spent in this place.
 D = Time resting spent in this place.
 E = Time spent auto-exploring this place.
 F = Levels seen in this place.
 G = Mean time per level.
                   A        B        C        D        E       F      G
               +--------+--------+--------+--------+--------+-----+--------+
         Total |    500 |    500 |      0 |      0 |    381 |   1 |  500.0 |
       Dungeon |    500 |    500 |      0 |      0 |    381 |   1 |  500.0 |
               +--------+--------+--------+--------+--------+-----+--------+

Top non-repeatable levels by time:
     D:1: 500 daAuts
